 Dungeon Crawl Stone Soup version 0.28.0-53-g5a82cb258f (webtiles) character file.

Game seed: 15540242154609202141

263 issech the Skirmisher (level 5, -2/47 HPs)
             Began as a Minotaur Monk on May 27, 2022.
             Slain by Prince Ribbit (14 damage)
             ... on level 5 of the Dungeon.
             The game lasted 00:10:50 (4292 turns).

issech the Skirmisher (Minotaur Monk)               Turns: 4292, Time: 00:10:51

Health: -2/47      AC: 13    Str: 15    XL:     5   Next: 97%
Magic:  4/4        EV:  5    Int:  7    God:
Gold:   196        SH:  0    Dex: 15    Spells: 4/4 levels left

rFire   . . .      SeeInvis .   q - +2 dagger (protect)
rCold   . . .      Faith    .   (no shield)
rNeg    . . .      Spirit   .   d - +0 plate armour
rPois   .          Reflect  .   (helmet restricted)
rElec   .          Harm     .   (no cloak)
rCorr   .          Rampage  .   (no gloves)
Will    .....                   u - +0 pair of boots
Stlth   ..........              (no amulet)
HPRegen 0.15/turn               (no ring)
MPRegen 0.09/turn               (no ring)

@: no status effects
A: horns 2, retaliatory headbutt
a: no special abilities


You were on level 5 of the Dungeon.
You visited 1 branch of the dungeon, and saw 6 of its levels.

You collected 240 gold pieces.
You spent 44 gold pieces at shops.

Inventory:

Hand Weapons
 q - a +2 dagger of protection (weapon)
 G - a +0 hunting sling
Missiles
 c - 150 stones (quivered)
 w - 8 poisoned darts
 H - 12 bolts
 I - 18 arrows
Armour
 d - a +0 plate armour (worn)
 u - a +0 pair of boots (worn)
Magical Staves
 F - a staff of earth
Jewellery
 n - an amulet of faith
Scrolls
 a - a scroll of immolation {unknown}
 h - 2 scrolls of identify {unknown}
 m - a scroll of holy word {unknown}
 z - a scroll of enchant weapon {unknown}
 B - a scroll of vulnerability {unknown}
 C - a scroll of teleportation {unknown}
 J - a scroll of enchant armour {unknown}
Potions
 g - a potion of invisibility {unknown}
 l - 3 potions of curing {unknown}
 o - 2 potions of lignification {unknown}
 p - a potion of haste {unknown}
 r - 2 potions of degeneration {unknown}
 E - a potion of might


   Skills:
 + Level 4.7 Fighting
 + Level 1.9 Short Blades
 + Level 4.5 Axes
 + Level 4.1 Armour
 + Level 4.0 Dodging
 + Level 2.0 Stealth


You had 4 spell levels left.
You didn't know any spells.
Your spell library contained the following spells:

 Spells                   Type           Power      Damage    Failure   Level
 Beastly Appendage        Tmut           0%         N/A       100%        1
 Wereblood                Tmut           0%         N/A       100%        2
 Frozen Ramparts          Ice            0%         1d2       100%        3
 Ozocubu's Armour         Ice            0%         N/A       100%        3
 Spider Form              Tmut/Pois      0%         N/A       100%        3
 Ice Form                 Ice/Tmut       0%         N/A       100%        4
 Summon Ice Beast         Ice/Summ       0%         N/A       100%        4
 Ozocubu's Refrigeration  Ice            0%         4d5       100%        7


Dungeon Overview and Level Annotations

Branches:
Dungeon (6/15)
 Temple: D:4-7

Altars:
Ru
Sif Muna

Shops:
D:1 =   D:4 =[*

Annotations:
D:5 Prince Ribbit


Innate Abilities, Weirdness & Mutations

You have a pair of horns on your head.
You reflexively headbutt those who attack you in melee.


Message History

Prince Ribbit is heavily wounded.
Prince Ribbit hits you but does no damage.
You closely miss Prince Ribbit. You headbutt Prince Ribbit.
Prince Ribbit is severely wounded.
Prince Ribbit hits you but does no damage.
You hit Prince Ribbit.
You headbutt Prince Ribbit, but do no damage.
Prince Ribbit is severely wounded.
Prince Ribbit hits you but does no damage.
You miss Prince Ribbit. You headbutt Prince Ribbit.
Prince Ribbit is severely wounded.
Prince Ribbit hits you. x2
* * * LOW HITPOINT WARNING * * *
You miss Prince Ribbit.
Prince Ribbit is severely wounded.
Prince Ribbit blinks!
Prince Ribbit blinks!
There is a stone staircase leading down here.
You can't go up here!
Prince Ribbit closely misses you. You furiously retaliate!
You headbutt Prince Ribbit, but do no damage.
You climb downwards.
You hear the sound of rushing water.
There is an entrance to a sewer on this level.
Hurry and find it before the portal rusts away!
The adder hisses angrily.
The bullfrog gives a loud, deep croak!
Found a stone staircase leading up.
There is a stone staircase leading up here.
You climb upwards.
Level annotation: Prince Ribbit Prince Ribbit hits you.
* * * LOW HITPOINT WARNING * * *
Prince Ribbit hits you but does no damage.
There is a stone staircase leading down here.
You miss Prince Ribbit. Your headbutt misses Prince Ribbit.
Prince Ribbit is severely wounded.
Prince Ribbit barely misses you.
You miss Prince Ribbit. You headbutt Prince Ribbit!
Prince Ribbit is almost dead.
Prince Ribbit hits you!
You die...

#.# #.............
#.#########<#
#.)[...)..>.#
#.########### #.#
# #.#
##########..# #.#
#...........#
#.####.###.#####.#
#...F@.# #<#
######.###.#
#.....# #######


You could see Prince Ribbit.

Vanquished Creatures
  A scorpion (D:5)
  A jelly (D:3)
  2 orc priests (D:5)
  3 adders
  2 worms
  3 dart slugs
  3 orcs (D:5)
  4 bats
  7 endoplasms
  2 giant cockroaches
  7 goblins
  8 hobgoblins
  4 jackals (D:2)
  6 quokkas
  8 ball pythons
  4 frilled lizards
  2 kobolds
  6 rats
73 creatures vanquished.

Notes
Turn   | Place    | Note
-------+----------+-------------------------------------------
     0 | D:1      | issech the Minotaur Monk began the quest for the Orb.
     0 | D:1      | Reached XP level 1. HP: 19/19 MP: 0/0
   152 | D:1      | Found a faded altar of an unknown god.
   158 | D:1      | Reached XP level 2. HP: 26/27 MP: 1/1
   471 | D:1      | Found a sacrificial altar of Ru.
   659 | D:1      | Found Mank's Jewellery Shoppe.
   834 | D:1      | Reached XP level 3. HP: 33/33 MP: 2/2
  1704 | D:2      | Reached skill level 1 in Armour
  2046 | D:3      | Reached XP level 4. HP: 41/41 MP: 3/3
  2522 | D:3      | Reached skill level 1 in Short Blades
  2763 | D:4      | Found Heuhouh's Antique Armour Boutique.
  2831 | D:4      | Found a shimmering blue altar of Sif Muna.
  3065 | D:4      | Found Beidwe's General Store.
  3076 | D:4      | Bought a potion of might for 44 gold pieces
  3468 | D:4      | Found Vimufech's Jewellery Boutique.
  3554 | D:4      | Reached XP level 5. HP: 45/47 MP: 4/4
  3984 | D:5      | Entered Level 5 of the Dungeon
  4252 | D:5      | Noticed Prince Ribbit
  4288 | D:6      | Noticed a necrophage
  4292 | D:5      | Slain by Prince Ribbit

Illustrated notes

Levels and vault maps discovered:
D:1:      dpeg_arrival_arbitrary_a, layout_basic, serial_shops, shop,
          basic_ecumenical_altar, minmay_hexomino_r4
D:2:      layout_loops_ring
D:3:      layout_basic
D:4:      layout_layer_cave, amcnicky_altar_gilded, serial_shops, shop,
          nicolae_stop_n_shop_2, shop
D:5:      lemuel_ratsnest, layout_loops_ring, uniq_prince_ribbit1, uniq_grinder,
          uniq_menkaure
D:6:      layout_loops_ring, minmay_temple_entry_poolview, portal_sewer_entry_e

Skill      XL: |  1  2  3  4  5 |
---------------+----------------+-----
Fighting       | 4 |  4.7
Axes           | 4 |  4.5
Stealth        | 2 |  2.0
Armour         | 1 2 4 |  4.1
Short Blades   | 1 |  1.9
Dodging        | 4 |  4.0

Action                   |  1- 3 |  4- 6 || total
-------------------------+-------+-------++-------
Melee: Hand axe          |    59 |       ||    59
       Headbutt          |    19 |    24 ||    43
       Dagger            |    56 |   119 ||   175
       Punch             |     1 |     1 ||     2
Armor: Robe              |     4 |       ||     4
       Plate armour      |   104 |    72 ||   176
Dodge: Dodged            |    48 |    32 ||    80
